 Dungeon Crawl Stone Soup version 0.22-b1-26-g9dbaab1 (webtiles) character file.

262 Lew the Insei (level 6, -5/47 HPs)
             Began as a Gnoll Transmuter on Aug 7, 2018.
             Killed by divine providence
             ... invoked by an orc priest
              (12 damage)
             ... on level 3 of the Dungeon.
             The game lasted 00:14:35 (2454 turns).

Lew the Insei (Gnoll Transmuter)                    Turns: 2454, Time: 00:14:36

Health: -5/47      AC:  2    Str: 14      XL:     6   Next: 18%
Magic:  5/13       EV: 17    Int: 14 (15) God:
Gold:   138        SH:  0    Dex: 15 (16) Spells: 12/15 levels left

rFire    . . .     SeeInvis .     - Unarmed
rCold    . . .     Gourm    .   (no shield)
rNeg     . . .     Faith    .   f - +0 ring mail
rPois    .         Spirit   .   (no helmet)
rElec    .         Reflect  .   (no cloak)
rCorr    .         Harm     .   (no gloves)
MR       .....                  (no boots)
Stlth    +.........             (no amulet)
HPRegen  0.15/turn              e - +4 ring of evasion
MPRegen  0.13/turn              (no ring)

@: no status effects
A: distributed training, fangs 1, blurry vision 1, deformed body, deterioration
1, wild magic 1, strong nose
a: no special abilities


You were on level 3 of the Dungeon.
You were not hungry.

You visited 1 branch of the dungeon, and saw 3 of its levels.

You collected 138 gold pieces.

Inventory:

Hand Weapons
 b - a +0 antimagic hand axe
Missiles
 a - 34 arrows
Armour
 f - a +0 ring mail (worn)
Jewellery
 e - a +4 ring of evasion (left hand)
 j - an uncursed amulet of guardian spirit {unknown}
Scrolls
 c - 2 scrolls of identify
 g - a scroll of remove curse
 h - a scroll of fear
 k - a scroll of teleportation
 m - a scroll of enchant armour
Potions
 i - 3 potions of lignification
 l - 2 potions of cancellation {unknown}
 n - 2 potions of berserk rage {unknown}
Comestibles
 d - 4 rations


   Skills:
 + Level 3.1 Fighting
 + Level 1.8 Short Blades
 + Level 1.8 Long Blades
 + Level 1.8 Axes
 + Level 1.8 Maces & Flails
 + Level 1.8 Polearms
 + Level 1.8 Staves
 + Level 1.8 Slings
 + Level 1.8 Bows
 + Level 1.8 Crossbows
 + Level 1.8 Throwing
 + Level 1.8 Armour
 + Level 4.9 Dodging
 + Level 1.8 Stealth
 + Level 1.8 Shields
 + Level 6.8 Unarmed Combat
 + Level 5.3 Spellcasting
 + Level 1.4 Conjurations
 + Level 1.4 Hexes
 + Level 1.4 Charms
 + Level 1.4 Summonings
 + Level 1.4 Necromancy
 + Level 1.4 Translocations
 + Level 4.0 Transmutations
 + Level 1.4 Fire Magic
 + Level 1.4 Ice Magic
 + Level 1.4 Air Magic
 + Level 1.4 Earth Magic
 + Level 1.4 Poison Magic
 + Level 2.0 Invocations
 + Level 1.8 Evocations


You had 12 spell levels left.
You knew the following spells:

 Your Spells              Type           Power        Failure   Level  Hunger
a - Beastly Appendage     Tmut           ###...       10%         1    None
b - Sticks to Snakes      Tmut           ###.....     14%         2    ##.....

Your spell library contained the following spells:

 Spells                   Type           Power        Failure   Level  Hunger
 Spider Form              Tmut/Pois      ##........   41%         3    ###....
 Blade Hands              Tmut           ###.......   91%         5    ######.
 Ice Form                 Ice/Tmut       ##......     80%         4    ####...


Dungeon Overview and Level Annotations

Branches:
Dungeon (3/15)

Altars:
Kikubaaqudgha


Innate Abilities, Weirdness & Mutations

Your experience applies equally to all skills.
You have very sharp teeth.
Your uncanny sense of smell can sniff out nearby items.
Scrolls take you a little longer to read.
Armour fits poorly on your strangely shaped body.
Your body sometimes deteriorates upon taking damage.
Your spells are a little harder to cast, but a little more powerful.


Message History

The orc is heavily wounded.
The orc hits you with a flail.
* * * LOW HITPOINT WARNING * * *
You barely miss the orc. Your bite misses the orc.
The orc is heavily wounded.
You closely miss the orc.
The orc is heavily wounded.
The orc misses you.
You completely miss the orc.
The orc is heavily wounded.
The orc completely misses you.
You hit the orc but do no damage.
The orc is heavily wounded.
The orc hits you with a flail!
* * * LOW HITPOINT WARNING * * *
Your body deteriorates!
You feel dopey.
Your magical contamination has completely faded away.
The orc priest invokes the aid of Beogh against you.
Beogh smites you!
You die...

# #...#....#
##S.#....# ∆
##############..#....#
#..............>######
#.################
#.#........#..#..
#.#.#.........#.#
#.#.......o...#.#
#.###.####.o..o@#
#.......#########
#####.#.# #o#.# #.# #
#o# #.# #)# #!#


You could see an orc priest and 2 orcs.

Vanquished Creatures
  An orc wizard (D:3)
  A worker ant (D:3)
  3 adders (D:3)
  An ooze (D:1)
  A worm (D:2)
  3 dart slugs
  3 leopard geckos
  An orc (D:3)
  5 giant cockroaches
  10 goblins
  7 hobgoblins
  7 jackals
  9 kobolds
  4 ball pythons
  9 bats
  7 frilled lizards
  5 rats
77 creatures vanquished.

Vanquished Creatures (collateral kills)
  A sky beast (D:2)
  A crimson imp (D:3)
  A leopard gecko (D:3)
  An orc (D:3)
4 creatures vanquished.

Grand Total: 81 creatures vanquished

Notes
Turn   | Place    | Note
-------+----------+-------------------------------------------
     0 | D:1      | Lew the Gnoll Transmuter began the quest for the Orb.
     0 | D:1      | Reached XP level 1. HP: 17/17 MP: 6/6
    59 | D:1      | Reached XP level 2. HP: 11/23 MP: 7/7
   352 | D:1      | Reached XP level 3. HP: 25/28 MP: 9/9
   355 | D:1      | Reached skill level 5 in Spellcasting
   644 | D:1      | Reached skill level 1 in Invocations
   976 | D:2      | Learned a level 2 spell: Sticks to Snakes
  1048 | D:2      | Reached skill level 1 in Short Blades
  1048 | D:2      | Reached skill level 1 in Long Blades
  1048 | D:2      | Reached skill level 1 in Axes
  1048 | D:2      | Reached skill level 1 in Maces & Flails
  1048 | D:2      | Reached skill level 1 in Polearms
  1048 | D:2      | Reached skill level 1 in Staves
  1048 | D:2      | Reached skill level 1 in Slings
  1048 | D:2      | Reached skill level 1 in Bows
  1048 | D:2      | Reached skill level 1 in Crossbows
  1048 | D:2      | Reached skill level 1 in Throwing
  1048 | D:2      | Reached skill level 1 in Armour
  1048 | D:2      | Reached skill level 1 in Stealth
  1048 | D:2      | Reached skill level 1 in Shields
  1048 | D:2      | Reached skill level 1 in Evocations
  1058 | D:2      | Reached XP level 4. HP: 22/34 MP: 9/11
  1362 | D:2      | Noticed a sky beast
  1398 | D:2      | Killed a sky beast
  1398 | D:2      | Reached skill level 1 in Conjurations
  1398 | D:2      | Reached skill level 1 in Hexes
  1398 | D:2      | Reached skill level 1 in Charms
  1398 | D:2      | Reached skill level 1 in Summonings
  1398 | D:2      | Reached skill level 1 in Necromancy
  1398 | D:2      | Reached skill level 1 in Translocations
  1398 | D:2      | Reached skill level 1 in Fire Magic
  1398 | D:2      | Reached skill level 1 in Ice Magic
  1398 | D:2      | Reached skill level 1 in Air Magic
  1398 | D:2      | Reached skill level 1 in Earth Magic
  1398 | D:2      | Reached skill level 1 in Poison Magic
  1398 | D:2      | Reached XP level 5. HP: 15/40 MP: 9/12
  1786 | D:3      | Gained mutation: Scrolls take you a little longer to read. [potion of mutation]
  1786 | D:3      | Gained mutation: Your body sometimes deteriorates upon taking damage. [potion of mutation]
  1786 | D:3      | Gained mutation: Armour fits poorly on your strangely shaped body. [potion of mutation]
  1786 | D:3      | Gained mutation: Your spells are a little harder to cast, but a little more powerful. [potion of mutation]
  2064 | D:3      | Found an ancient bone altar of Kikubaaqudgha.
  2344 | D:3      | Reached XP level 6. HP: 43/47 MP: 1/13
  2454 | D:3      | Killed from afar by an orc priest

Skill      XL: |  1  2  3  4  5  6 |
---------------+-------------------+-----
Spellcasting   | 5 |  5.3
Invocations    | 1 2 |  2.0
Short Blades   | 1 |  1.8
Long Blades    | 1 |  1.8
Axes           | 1 |  1.8
Maces & Flails | 1 |  1.8
Polearms       | 1 |  1.8
Staves         | 1 |  1.8
Slings         | 1 |  1.8
Bows           | 1 |  1.8
Crossbows      | 1 |  1.8
Throwing       | 1 |  1.8
Armour         | 1 |  1.8
Stealth        | 1 |  1.8
Shields        | 1 |  1.8
Evocations     | 1 |  1.8
Conjurations   | 1 |  1.4
Hexes          | 1 |  1.4
Charms         | 1 |  1.4
Summonings     | 1 |  1.4
Necromancy     | 1 |  1.4
Translocations | 1 |  1.4
Fire Magic     | 1 |  1.4
Ice Magic      | 1 |  1.4
Air Magic      | 1 |  1.4
Earth Magic    | 1 |  1.4
Poison Magic   | 1 |  1.4
Fighting       | 3 |  3.1
Transmutations | 4 |  4.0
Dodging        | |  4.9
Unarmed Combat | |  6.8

Action                   |  1- 3 |  4- 6 || total
-------------------------+-------+-------++-------
Melee: Unarmed           |    98 |    99 ||   197
       Bite              |    12 |    10 ||    22
       Headbutt          |     1 |     5 ||     6
       Kick              |     1 |       ||     1
       Punch             |     1 |     2 ||     3
 Cast: Beastly Appendage |     4 |     2 ||     6
       Sticks to Snakes  |     2 |    18 ||    20
  Use: Scroll            |     1 |     4 ||     5
       Potion            |       |     6 ||     6
  Eat: Ration            |       |     2 ||     2
Armor: Robe              |     6 |       ||     6
       Ring mail         |    13 |    23 ||    36
       Skin              |       |     9 ||     9
Dodge: Dodged            |    58 |    82 ||   140
